 Dungeon Crawl Stone Soup version 0.18-a0-1805-g8ab820f (webtiles) character file.

569 namelastname112 the Conjurer (level 7, 43/50 HPs)
             Began as a Mottled Draconian Conjurer on Apr 25, 2016.
             Quit the game on level 4 of the Dungeon.
             The game lasted 00:06:56 (4364 turns).

namelastname112 the Conjurer (DrCj)                 Turns: 4364, Time: 00:06:56

Health: 43/50      AC:  9    Str: 10    XL:     7   Next: 11%
Magic:  1/14       EV: 12    Int: 17    God:
Gold:   197        SH:  0    Dex: 12    Spells: 3 memorised, 7 levels left

rFire  + . .     SeeInvis .     s - +1 dagger (venom)
rCold  + . .     Gourm    .     (armour unavailable)
rNeg   . . .     Faith    .     (no shield)
rPois  +         Spirit   .     (helmet restricted)
rElec  .         Dismiss  .     f - +1 cloak {rPois}
rCorr  .         Reflect  .     (no gloves)
SustAt .         Harm     .     m - +0 pair of boots
MR     .....     Rnd*Rage +     (no amulet)
Stlth  ++........               (no ring)
                                c - ring of protection from fire

@: not resistant to hostile enchantments, unstealthy
A: breathe sticky flame splash, unfitting armour, talons 1, berserk 1, cold
resistance 1, cold-blooded, AC +6
a: Breathe Sticky Flame


You were on level 4 of the Dungeon.
You were near starving.

You visited 1 branch of the dungeon, and saw 4 of its levels.

You collected 197 gold pieces.

Inventory:

Hand Weapons
 s - a +1 dagger of venom (weapon)
Armour
 f - a +1 cloak of poison resistance (worn)
 m - a +0 pair of boots (worn)
Jewellery
 c - a ring of protection from fire (left hand)
Scrolls
 e - a scroll of identify
 g - a scroll of blinking {unknown}
 j - a scroll of noise {unknown}
 o - a scroll of recharging {unknown}
 p - 2 scrolls of teleportation {unknown}
 r - a scroll of remove curse {unknown}
Potions
 d - 2 potions of brilliance
 i - 3 potions of heal wounds {unknown}
 k - a potion of lignification
 l - a potion of haste {unknown}
Books
 a - a book of Conjurations

   Spells                             Type                      Level
   a - Magic Dart                     Conjuration                  1
   b - Searing Ray                    Conjuration                  2
   c - Dazzling Spray                 Conjuration/Hexes            3
   d - Fulminant Prism                Conjuration/Hexes            4
   e - Iskenderun's Mystic Blast      Conjuration                  4
   f - Iskenderun's Battlesphere      Conjuration/Charms           5
Comestibles
 b - 5 bread rations
 h - 2 beef jerkies
 u - 3 fruits


   Skills:
 - Level 1.7 Dodging
 - Level 1.7 Stealth
 + Level 4.7 Spellcasting
 + Level 6.3 Conjurations
 + Level 2.6 Charms


You had 7 spell levels left.
You knew the following spells:

 Your Spells              Type           Power        Failure   Level  Hunger
a - Iskenderun's Battles  Conj/Chrm      ###.....     71%         5    ######.
x - Searing Ray           Conj           ####..       1%          2    #......
z - Magic Dart            Conj           ####         1%          1    None


Dungeon Overview and Level Annotations

Branches:
Dungeon (4/15)             Temple (0/1) D:4

Altars:
Cheibriados
Fedhas
Gozag
Kikubaaqudgha
Makhleb
Pakellas
Qazlal
Ru

Annotations:
D:3 barb4r1an's ghost, amateur DrCj


Innate Abilities, Weirdness & Mutations

You can spit globs of burning liquid.
You can ignite nearby creatures when you spit burning liquid.
Your weird mottled scales are hard (AC +6).
Your body does not fit into most forms of armour.
You are cold-blooded and may be slowed by cold attacks.
You have sharp toenails.
You tend to lose your temper in combat.
Your flesh is cold resistant.


Message History

You now have 4/13 mp.
The searing ray misses the orc wizard.
The searing ray hits the orc priest.
The orc priest is heavily wounded.
The orc wizard barely misses you. The orc wizard hits you with a dagger.
You take 1 damage, and have 39/45 hp.
You now have 3/13 mp.
The searing ray hits the orc wizard.
The orc wizard is almost dead.
The orc wizard hits you but does no damage.
You now have 2/13 mp.
The searing ray hits the orc wizard.
You kill the orc wizard!
You have reached level 7!
Your scales start taking on a weird mottled colour.
You learn Fire Magic quicker.
You can spit globs of burning liquid.
You can ignite nearby creatures when you spit burning liquid.
The searing ray hits the orc priest.
You kill the orc priest!
You regained 4 hp, and now have 43/50 hp.
You now have 1/14 mp.
Are you sure you want to abandon this character and quit the game? (Confirm with "yes".)

#.........(.#
#######.#########)#
#.....#.#...#...#.#
#.###(#.#.#.#.#.#.# ###
#.#...#.#.#.#.#.#.# (.o
#.#####.###.#.###.# ..
#...........#......
####)####.######.#######
+....))@...#...#.#.....#
####.#####.#.#.#.#.###.#
# #.#.#.#.#...#.#
#.#.###.#####.#
##.#...........#
#..#############
####+####.........
#.........W###...>
#..........# #......#


There were no monsters in sight!

Vanquished Creatures
  The ghost of barb4r1an the Ruffian, a novice DrTm of Cheibriados (D:4)
  A howler monkey (D:4)
  A hound (D:4)
  An orc priest (D:4)
  An orc wizard (D:4)
  A giant frog skeleton (D:4)
  A hound skeleton (D:4)
  An adder (D:2)
  An ooze (D:2)
  3 worms
  2 dart slugs
  3 giant geckos
  3 orcs (D:4)
  A ball python (D:3)
  5 giant cockroaches
  10 goblins
  7 hobgoblins
  7 jackals
  8 kobolds
  8 bats
  3 giant newts
  8 rats
77 creatures vanquished.

Notes
Turn   | Place    | Note
--------------------------------------------------------------
     0 | D:1      | namelastname112 the Draconian Conjurer began the quest for the Orb.
     0 | D:1      | Reached XP level 1. HP: 14/14 MP: 3/3
   511 | D:1      | Reached XP level 2. HP: 19/20 MP: 0/5
   529 | D:1      | Learned a level 2 spell: Searing Ray
   988 | D:1      | Reached XP level 3. HP: 23/26 MP: 3/6
  1827 | D:2      | Found an opulent altar of Gozag.
  1860 | D:2      | Found a faded altar to an unknown god.
  1956 | D:2      | Found a stormy altar of Qazlal.
  2059 | D:2      | Reached XP level 4. HP: 33/33 MP: 8/8
  2149 | D:2      | Reached skill level 5 in Conjurations
  2461 | D:3      | Noticed barb4r1an's ghost (amateur DrCj)
  3518 | D:3      | Found an ancient bone altar of Kikubaaqudgha.
  3518 | D:3      | Found a blossoming altar of Fedhas.
  3519 | D:3      | Found a sacrificial altar of Ru.
  3520 | D:3      | Found an oddly glowing altar of Pakellas.
  3520 | D:3      | Found a burning altar of Makhleb.
  3576 | D:3      | Found a snail-covered altar of Cheibriados.
  3831 | D:4      | Found a staircase to the Ecumenical Temple.
  4094 | D:4      | Reached XP level 5. HP: 37/38 MP: 5/10
  4101 | D:4      | Learned a level 5 spell: Iskenderun's Battlesphere
  4153 | D:4      | Noticed barb4r1an's ghost (novice DrTm)
  4168 | D:4      | barb4r1an: хех
  4203 | D:4      | Gained mutation: Your flesh is cold resistant. [potion of mutation]
  4203 | D:4      | Gained mutation: You tend to lose your temper in combat. [potion of mutation]
  4203 | D:4      | Gained mutation: You have sharp toenails. [potion of mutation]
  4259 | D:4      | Killed barb4r1an's ghost
  4259 | D:4      | Reached skill level 6 in Conjurations
  4259 | D:4      | Reached XP level 6. HP: 45/45 MP: 5/13
  4363 | D:4      | Your scales start taking on a weird mottled colour.
  4363 | D:4      | Reached XP level 7. HP: 43/50 MP: 2/14
  4364 | D:4      | Quit the game

Vault maps used:
D:1:      dpeg_arrival_another_circle, hangedman_decor_points,
          minmay_misc_feat_ornament
D:2:      nicolae_qazlal_general_emergency, nicolae_gozag_seed_capital,
          serial_forest, infiniplex_forest_3_way, infiniplex_forest_clump_small,
          infiniplex_forest_clump_cross, infiniplex_forest_clump_long,
          infiniplex_forest_lined_3, infiniplex_forest_corner_2,
          ecumenical_altar_2
D:3:      lemuel_blue_sif_altar, overflow_temple_1_default,
          grunt_temple_overflow_open, first_bread, amethyst_killhole
D:4:      mumra_celtic_spiral_tile, old_standard_altar,
          minmay_temple_entry_crystal_x, minmay_bad_closet

Skill      XL: |  1  2  3  4  5 |
---------------+----------------+-----
Spellcasting   | 3 4 |  4.7
Conjurations   | 5 6 |  6.3
Charms         | 2 |  2.6
Dodging        | |  1.7
Stealth        | |  1.7

Action                   |  1- 3 |  4- 6 |  7- 9 || total
-------------------------+-------+-------+-------++-------
Melee: Unarmed           |    37 |    43 |       ||    80
       Tailslap          |    10 |     4 |       ||    14
       Dagger            |    53 |    35 |       ||    88
 Cast: Magic Dart        |    83 |    43 |       ||   126
       Searing Ray       |     3 |    14 |       ||    17
  Use: Potion            |       |     4 |       ||     4
       Scroll            |       |     1 |       ||     1
  Eat: Chunk             |     4 |     5 |       ||     9
       Pizza             |       |     1 |       ||     1
Armor: Skin              |    55 |    64 |       ||   119
Dodge: Dodged            |    91 |    57 |       ||   148
